| TOP OF THE 1ST |
|
Charlotte Knights batting - Pitching for Tacoma Rainiers : RHP Jake Underhill
|
|
Pitching: RHP Jake Underhill
|
|
|
Batting: LHB Dustin Taylor
|
0-0: Foul Ball, location: 2F 0-1: Ball 1-1: Fly out, F8 (Line Drive, 8RD, EV 91.9 MPH)
|
|
Batting: RHB Brad Boals
|
0-0: Ball 1-0: Ball 2-0: Ball 3-0: Base on Balls
|
|
Batting: LHB John Thurman
|
0-0: Ball 1-0: Called Strike 1-1: Foul Ball, location: 2F 1-2: Ball 2-2: Strikes out looking
|
|
Batting: LHB Larry Myers
|
0-0: Ball Brad Boals steals 2nd base 1-0: Called Strike 1-1: Ball 2-1: SINGLE (Groundball, 4M, EV 97.5 MPH) (infield hit) Brad Boals to third
|
|
Batting: LHB Matt Hyde
|
0-0: Ball 1-0: Called Strike 1-1: SINGLE (Groundball, 3S, EV 61.9 MPH) (infield hit) Brad Boals scores Larry Myers to second
|
|
Batting: RHB Micah Brown
|
0-0: Ball 1-0: Foul Ball, location: 2F 1-1: Ball 2-1: Ball 3-1: Foul Ball, location: 2F 3-2: 3-RUN HOME RUN (Line Drive, 7LD, EV 93.8 MPH), Distance : 358 ft
|
|
Batting: RHB Danny Longoria
|
0-0: Swinging Strike 0-1: Ball 1-1: Ball 2-1: SINGLE (Groundball, 25, EV 68.1 MPH) (infield hit)
|
|
Batting: RHB Jose Medina
|
0-0: Ball 1-0: Called Strike 1-1: Swinging Strike 1-2: Ball 2-2: Strikes out looking
|
| Top of the 1st over - 4 runs, 4 hits, 0 errors, 1 left on base; Charlotte 4 - Tacoma 0 |
| BOTTOM OF THE 1ST |
|
Tacoma Rainiers batting - Pitching for Charlotte Knights : LHP Josh Turner
|
|
Pitching: LHP Josh Turner
|
|
|
Batting: RHB Sean Peake
|
0-0: Ball 1-0: Foul Ball, location: 2F 1-1: Swinging Strike 1-2: Ball 2-2: Ground out 4-3 (Groundball, 34D, EV 100.6 MPH)
|
|
Batting: LHB Tom Reynolds
|
0-0: Ball 1-0: Ground out 5-3 (Groundball, 56, EV 103.1 MPH)
|
|
Batting: RHB Harutomi Matsubara
|
0-0: Ball 1-0: Called Strike 1-1: Foul Ball, location: 2F 1-2: Foul Ball, location: 2F 1-2: Ball 2-2: Fly out, F7 (Flyball, 78D, EV 86.9 MPH)
|
| Bottom of the 1st over - 0 runs, 0 hits, 0 errors, 0 left on base; Charlotte 4 - Tacoma 0 |
| TOP OF THE 2ND |
|
Charlotte Knights batting - Pitching for Tacoma Rainiers : RHP Jake Underhill
|
|
Batting: RHB John Iddings
|
0-0: Called Strike 0-1: Ground out 6-3 (Groundball, 6, EV 107.5 MPH)
|
|
Batting: LHB Dustin Taylor
|
0-0: Called Strike 0-1: Ball 1-1: Ball 2-1: Swinging Strike 2-2: Foul Ball, location: 2F 2-2: Strikes out swinging
|
|
Batting: RHB Brad Boals
|
0-0: Ball 1-0: Ball 2-0: Called Strike 2-1: Ball 3-1: Base on Balls
|
|
Batting: LHB John Thurman
|
0-0: Called Strike Brad Boals is caught stealing 2nd base 2-6
|
| Top of the 2nd over - 0 runs, 0 hits, 0 errors, 0 left on base; Charlotte 4 - Tacoma 0 |
| BOTTOM OF THE 2ND |
|
Tacoma Rainiers batting - Pitching for Charlotte Knights : LHP Josh Turner
|
|
Batting: RHB Brad Robidas
|
0-0: Foul Ball, location: 2F 0-1: Ball 1-1: Ball 2-1: SINGLE (Line Drive, 3D, EV 99.4 MPH)
|
|
Batting: RHB Tony Vargas
|
0-0: Ball Wild Pitch! Brad Robidas to second 1-0: Ball 2-0: Ball 3-0: Reached on error, E6 (Groundball, 6S, EV 87.5 MPH) Brad Robidas to third
|
|
Batting: RHB Tatsunori Hayakawa
|
0-0: Ball Tony Vargas steals 2nd base 1-0: Reached on error, E4 (Groundball, 4, EV 93.1 MPH) Brad Robidas scores Tony Vargas to third
|
|
Batting: RHB Kevin Chafe
|
0-0: Ball 1-0: Called Strike 1-1: SINGLE (Line Drive, 7S, EV 103.1 MPH) Tony Vargas scores Tatsunori Hayakawa to second
|
|
Batting: LHB Caleb Domino
|
0-0: Ball 1-0: Called Strike 1-1: Called Strike 1-2: Fly out, F7 (Flyball, 7LS, EV 80.6 MPH)
|
|
Batting: RHB Kikuo Sato
|
0-0: Ball 1-0: Ball 2-0: Ball 3-0: Called Strike 3-1: Base on Balls Tatsunori Hayakawa to third Kevin Chafe to second
|
|
Batting: RHB Sean Peake
|
0-0: Ball 1-0: Foul Ball, location: 2F 1-1: Ball 2-1: Ball 3-1: Called Strike 3-2: SINGLE (Groundball, 56, EV 81.9 MPH) (infield hit) Tatsunori Hayakawa scores Kevin Chafe to third Kikuo Sato to second
|
|
Batting: LHB Tom Reynolds
|
0-0: Ball 1-0: Fielders Choice at 2nd, 3-6 (Groundball, 34, EV 76.2 MPH) Kevin Chafe scores Kikuo Sato to third
|
|
Batting: RHB Harutomi Matsubara
|
0-0: Ball Tom Reynolds is caught stealing 2nd base 2-4
|
| Bottom of the 2nd over - 4 runs, 3 hits, 2 errors, 1 left on base; Charlotte 4 - Tacoma 4 |
| TOP OF THE 3RD |
|
Charlotte Knights batting - Pitching for Tacoma Rainiers : RHP Jake Underhill
|
|
Batting: LHB John Thurman
|
0-0: Ball 1-0: Ball 2-0: Ball 3-0: Called Strike 3-1: Base on Balls
|
|
Batting: LHB Larry Myers
|
0-0: Ball John Thurman is caught stealing 2nd base 2-6 1-0: Ball 2-0: Fly out, F6 (Popup, 15S, EV 90.6 MPH)
|
|
Batting: LHB Matt Hyde
|
0-0: Ball 1-0: Swinging Strike 1-1: Swinging Strike 1-2: Strikes out swinging
|
| Top of the 3rd over - 0 runs, 0 hits, 0 errors, 0 left on base; Charlotte 4 - Tacoma 4 |
| BOTTOM OF THE 3RD |
|
Tacoma Rainiers batting - Pitching for Charlotte Knights : LHP Josh Turner
|
|
Batting: RHB Harutomi Matsubara
|
0-0: Ball 1-0: Foul Ball, location: 2F 1-1: Foul Ball, location: 2F 1-2: Foul Ball, location: 2F 1-2: Strikes out swinging
|
|
Batting: RHB Brad Robidas
|
0-0: Ball 1-0: Ground out 4-3 (Groundball, 4, EV 84.4 MPH)
|
|
Batting: RHB Tony Vargas
|
0-0: Foul Ball, location: 2F 0-1: Ball 1-1: Fly out, F9 (Flyball, 9LM, EV 86.2 MPH)
|
| Bottom of the 3rd over - 0 runs, 0 hits, 0 errors, 0 left on base; Charlotte 4 - Tacoma 4 |
| TOP OF THE 4TH |
|
Charlotte Knights batting - Pitching for Tacoma Rainiers : RHP Jake Underhill
|
|
Batting: RHB Micah Brown
|
0-0: Ball 1-0: Fly out, F9 (Flyball, 9, EV 86.9 MPH)
|
|
Batting: RHB Danny Longoria
|
0-0: Called Strike 0-1: Ball 1-1: Fly out, F9 (Line Drive, 89D, EV 101.2 MPH)
|
|
Batting: RHB Jose Medina
|
0-0: Ball 1-0: Called Strike 1-1: Ball 2-1: Ball 3-1: Called Strike 3-2: Foul Ball, location: 2F 3-2: SINGLE (Groundball, 34D, EV 95.6 MPH)
|
|
Batting: RHB John Iddings
|
0-0: Ball 1-0: Called Strike Jose Medina steals 2nd base 1-1: Foul Ball, location: 2F 1-2: Strikes out looking
|
| Top of the 4th over - 0 runs, 1 hit, 0 errors, 1 left on base; Charlotte 4 - Tacoma 4 |
| BOTTOM OF THE 4TH |
|
Tacoma Rainiers batting - Pitching for Charlotte Knights : LHP Josh Turner
|
|
Batting: RHB Tatsunori Hayakawa
|
0-0: Called Strike 0-1: Ball 1-1: Ball 2-1: Foul Ball, location: 2F 2-2: Strikes out looking
|
|
Batting: RHB Kevin Chafe
|
0-0: Ground out 1-3 (Groundball, P, EV 64.4 MPH)
|
|
Batting: LHB Caleb Domino
|
0-0: Ball 1-0: Ball 2-0: Foul Ball, location: 2F 2-1: Called Strike 2-2: Ball 3-2: Foul Ball, location: 2F 3-2: Foul Ball, location: 2F 3-2: Base on Balls
|
|
Batting: RHB Kikuo Sato
|
0-0: Ball 1-0: SINGLE (Groundball, 6MD, EV 80.6 MPH) (infield hit) Caleb Domino to second
|
|
Batting: RHB Sean Peake
|
0-0: Fielders Choice at 2nd, 5-4 (Groundball, 56, EV 103.1 MPH)
|
| Bottom of the 4th over - 0 runs, 1 hit, 0 errors, 2 left on base; Charlotte 4 - Tacoma 4 |
| TOP OF THE 5TH |
|
Charlotte Knights batting - Pitching for Tacoma Rainiers : RHP Jake Underhill
|
|
Batting: LHB Dustin Taylor
|
0-0: Foul Ball, location: 2F 0-1: Foul Ball, location: 2F 0-2: Ball 1-2: Strikes out swinging
|
|
Batting: RHB Brad Boals
|
0-0: Called Strike 0-1: Ball 1-1: Ground out U3 (Groundball, 3, EV 85.6 MPH)
|
|
Batting: LHB John Thurman
|
0-0: Ball 1-0: Called Strike 1-1: Called Strike 1-2: Ball 2-2: Ball 3-2: Base on Balls
|
|
Batting: LHB Larry Myers
|
0-0: Ball John Thurman is caught stealing 2nd base 2-6
|
| Top of the 5th over - 0 runs, 0 hits, 0 errors, 0 left on base; Charlotte 4 - Tacoma 4 |
| BOTTOM OF THE 5TH |
|
Tacoma Rainiers batting - Pitching for Charlotte Knights : LHP Josh Turner
|
|
Batting: LHB Tom Reynolds
|
0-0: Ball 1-0: Called Strike 1-1: Ball 2-1: Fly out, F7 (Flyball, 7S, EV 88.8 MPH)
|
|
Batting: RHB Harutomi Matsubara
|
0-0: Ground out 4-3 (Groundball, 4M, EV 96.9 MPH)
|
|
Batting: RHB Brad Robidas
|
0-0: Ball 1-0: Called Strike 1-1: Ball 2-1: Ball 3-1: Foul Ball, location: 2F 3-2: Base on Balls
|
|
Batting: RHB Tony Vargas
|
0-0: Ball Brad Robidas steals 2nd, throwing error, E2 Brad Robidas to third 1-0: Called Strike 1-1: Ball 2-1: Swinging Strike 2-2: Strikes out looking
|
| Bottom of the 5th over - 0 runs, 0 hits, 1 error, 1 left on base; Charlotte 4 - Tacoma 4 |
| TOP OF THE 6TH |
|
Charlotte Knights batting - Pitching for Tacoma Rainiers : RHP Jake Underhill
|
|
Batting: LHB Larry Myers
|
0-0: Called Strike 0-1: Ball 1-1: Ball 2-1: Ball 3-1: Base on Balls
|
|
Batting: LHB Matt Hyde
|
0-0: Ball 1-0: Called Strike 1-1: Swinging Strike 1-2: Strikes out swinging
|
|
Batting: RHB Micah Brown
|
0-0: Called Strike 0-1: Ball 1-1: Ball 2-1: Fly out, F6 (Popup, 15, EV 73.1 MPH)
|
|
Pitching: RHP Kurt Loscalzo
|
|
|
Batting: RHB Danny Longoria
|
0-0: Called Strike 0-1: Swinging Strike 0-2: Foul Ball, location: 2F 0-2: Fielders Choice at 2nd, 6-4 (Groundball, 6, EV 82.5 MPH)
|
| Top of the 6th over - 0 runs, 0 hits, 0 errors, 1 left on base; Charlotte 4 - Tacoma 4 |
| BOTTOM OF THE 6TH |
|
Tacoma Rainiers batting - Pitching for Charlotte Knights : LHP Josh Turner
|
|
Batting: RHB Tatsunori Hayakawa
|
0-0: Bunt for hit to 3S - play at first, batter safe!
|
|
Batting: RHB Kevin Chafe
|
0-0: Called Strike 0-1: Ball 1-1: Ball 2-1: Ball 3-1: Foul Ball, location: 2F 3-2: Foul Ball, location: 2F 3-2: Foul Ball, location: 2F 3-2: DOUBLE (Line Drive, 7LD, EV 102.5 MPH) Tatsunori Hayakawa to third
|
|
Pitching: RHP Craig Potter
|
|
|
Batting: LHB Caleb Domino
|
0-0: Swinging Strike 0-1: Ball 1-1: Ball 2-1: Ground out 4-3 (Groundball, 4, EV 83.1 MPH)
|
|
Batting: RHB Kikuo Sato
|
0-0: SINGLE (Groundball, 6M, EV 88.8 MPH) (infield hit) Tatsunori Hayakawa scores Kevin Chafe to third
|
|
Batting: RHB Sean Peake
|
0-0: Foul Ball, location: 2F 0-1: Called Strike 0-2: Strikes out looking
|
|
Batting: LHB Tom Reynolds
|
0-0: Ball 1-0: Called Strike 1-1: Fielders Choice at 2nd, 6-4 (Groundball, 6, EV 83.1 MPH)
|
| Bottom of the 6th over - 1 run, 3 hits, 0 errors, 2 left on base; Charlotte 4 - Tacoma 5 |
| TOP OF THE 7TH |
|
Charlotte Knights batting - Pitching for Tacoma Rainiers : RHP Kurt Loscalzo
|
|
Pitching: RHP Victor Cervantes
|
|
|
Now at 1B: Sean Peake
|
|
|
Now in LF: David Aguilar
|
|
|
Batting: RHB Jose Medina
|
0-0: Foul Ball, location: 2F 0-1: Swinging Strike 0-2: Foul Ball, location: 2F 0-2: Ball 1-2: Strikes out swinging
|
|
Pinch Hitting: LHB Alberto Carrasco
|
0-0: Called Strike 0-1: Ball 1-1: Ball 2-1: Ground out 6-3 (Groundball, 6M, EV 83.8 MPH)
|
|
Batting: LHB Dustin Taylor
|
0-0: Ball 1-0: Ball 2-0: Ball 3-0: Base on Balls
|
|
Batting: RHB Brad Boals
|
0-0: Called Strike 0-1: Ball 1-1: Called Strike 1-2: SINGLE (Line Drive, 7S, EV 93.8 MPH) Dustin Taylor to second Runner from 2nd tries for 3rd, SAFE, throw by LF made to third
|
|
Batting: LHB John Thurman
|
0-0: Swinging Strike 0-1: Swinging Strike 0-2: Ball 1-2: Ground out 4-3 (Groundball, 4, EV 98.8 MPH)
|
| Top of the 7th over - 0 runs, 1 hit, 0 errors, 2 left on base; Charlotte 4 - Tacoma 5 |
| BOTTOM OF THE 7TH |
|
Tacoma Rainiers batting - Pitching for Charlotte Knights : RHP Craig Potter
|
|
Now at 2B: Ching-hsia Zhang
|
|
|
Now at SS: Micah Brown
|
|
|
Batting: RHB Harutomi Matsubara
|
0-0: Called Strike 0-1: SINGLE (Flyball, 78S, EV 88.1 MPH)
|
|
Batting: RHB Brad Robidas
|
Pickoff Throw to First - Error! E1 Harutomi Matsubara to second 0-0: Ball Harutomi Matsubara steals 3rd base 1-0: SINGLE (Line Drive, 8LS, EV 91.9 MPH) Harutomi Matsubara scores
|
|
Batting: RHB Tony Vargas
|
0-0: Ball 1-0: Ball 2-0: Ball 3-0: Called Strike 3-1: DOUBLE (Flyball, 8RD, EV 91.2 MPH) Brad Robidas to third
|
|
Batting: RHB Tatsunori Hayakawa
|
0-0: Ball 1-0: Foul Ball, location: 2F 1-1: Ball 2-1: Fly out, F7 (Line Drive, 7LM, EV 98.1 MPH) Runner from 3rd tags up, SCORES, throw by LF Tony Vargas to third
|
|
Pitching: RHP Jesus Griego
|
|
|
Batting: RHB David Aguilar
|
0-0: Ball 1-0: Ground out U3 (Groundball, 3S, EV 84.4 MPH)
|
|
Batting: LHB Caleb Domino
|
0-0: Called Strike 0-1: Ball 1-1: Ball 2-1: SINGLE (Groundball, 4MD, EV 103.1 MPH) Tony Vargas scores
|
|
Batting: RHB Kikuo Sato
|
0-0: Swinging Strike 0-1: Ball 1-1: Called Strike 1-2: Fly out, F9 (Flyball, 9, EV 76.2 MPH)
|
| Bottom of the 7th over - 3 runs, 4 hits, 1 error, 1 left on base; Charlotte 4 - Tacoma 8 |
| TOP OF THE 8TH |
|
Charlotte Knights batting - Pitching for Tacoma Rainiers : RHP Victor Cervantes
|
|
Pitching: RHP Dave McGee
|
|
|
Batting: LHB Larry Myers
|
0-0: Called Strike 0-1: Foul Ball, location: 2F 0-2: Foul Ball, location: 2F 0-2: Strikes out looking
|
|
Batting: LHB Matt Hyde
|
0-0: Ball 1-0: Ball 2-0: Ball 3-0: Called Strike 3-1: Called Strike 3-2: Strikes out swinging
|
|
Batting: RHB Micah Brown
|
0-0: Fly out, F8 (Flyball, 78M, EV 84.4 MPH)
|
| Top of the 8th over - 0 runs, 0 hits, 0 errors, 0 left on base; Charlotte 4 - Tacoma 8 |
| BOTTOM OF THE 8TH |
|
Tacoma Rainiers batting - Pitching for Charlotte Knights : RHP Jesus Griego
|
|
Pitching: RHP Michael McMurry
|
|
|
Batting: RHB Sean Peake
|
0-0: Called Strike 0-1: Swinging Strike 0-2: Foul Ball, location: 2F 0-2: Ball 1-2: Ball 2-2: Ball 3-2: Foul Ball, location: 2F 3-2: Strikes out looking
|
|
Batting: LHB Tom Reynolds
|
0-0: Fly out, F8 (Flyball, 78S, EV 86.2 MPH)
|
|
Batting: RHB Harutomi Matsubara
|
0-0: Swinging Strike 0-1: DOUBLE (Line Drive, 89M, EV 85.6 MPH)
|
|
Batting: RHB Brad Robidas
|
0-0: Ball Harutomi Matsubara steals 3rd base 1-0: Ground out 4-3 (Groundball, 4, EV 101.2 MPH)
|
| Bottom of the 8th over - 0 runs, 1 hit, 0 errors, 1 left on base; Charlotte 4 - Tacoma 8 |
| TOP OF THE 9TH |
|
Charlotte Knights batting - Pitching for Tacoma Rainiers : RHP Dave McGee
|
|
Batting: RHB Danny Longoria
|
0-0: Ground out 6-3 (Groundball, 6, EV 107.5 MPH)
|
|
Batting: RHB Jose Medina
|
0-0: Ball 1-0: Ball 2-0: Called Strike 2-1: Swinging Strike 2-2: Strikes out swinging
|
|
Batting: RHB Ching-hsia Zhang
|
0-0: Called Strike 0-1: Ball 1-1: Ball 2-1: DOUBLE (Groundball, 5L, EV 104.4 MPH)
|
|
Batting: LHB Dustin Taylor
|
0-0: Called Strike 0-1: Ball 1-1: Foul Ball, location: 2F 1-2: Ball 2-2: Foul Ball, location: 2F 2-2: Foul Ball, location: 2F 2-2: Ball 3-2: Foul Ball, location: 2F 3-2: Foul Ball, location: 2F 3-2: Strikes out swinging
|
| Top of the 9th over - 0 runs, 1 hit, 0 errors, 1 left on base; Charlotte 4 - Tacoma 8 |
|